 Dungeon Crawl Stone Soup version 0.31-a0-986-g5e6e4ef867 (webtiles) character file.

Game seed: 7726570592690374906

2592 lessens the Nimble (level 9, 0/71 HPs)
             Began as a Gnoll Gladiator on Nov 9, 2023.
             Was a Believer of Makhleb.
             Killed from afar by an orc wizard (7 damage)
             ... with a magic dart
             ... on level 7 of the Dungeon.
             The game lasted 00:13:07 (7213 turns).

lessens the Nimble (Gnoll Gladiator)                Turns: 7213, Time: 00:13:07

Health: 0/71       AC: 12    Str: 19    XL:     9   Next: 58%
Magic:  15/15      EV: 13    Int:  7    God:    Makhleb [**....]
Gold:   368        SH:  0    Dex: 13    Spells: 16/16 levels left

rFire   . . .        F - +2 short sword (elec)
rCold   . . .        (no shield)
rNeg    . . .        r - +0 scale mail
rPois   .            H - +2 hat
rElec   .            j - +0 cloak
rCorr   .            (no gloves)
SInv    .            s - +1 pair of boots
Will    .....        (no amulet) Stlth
                     (no ring)
HPRegen 0.31/turn    (no ring)
MPRegen 0.14/turn

%: no passive effects
@: confused, weak-willed, ambrosia-drunk
A: fangs 1, strong nose, distributed training
a: Renounce Religion, Minor Destruction


You were on level 7 of the Dungeon.
You worshipped Makhleb.
Makhleb was pleased with you.
You visited 1 branch of the dungeon, and saw 7 of its levels.
You also visited: Sewer.

You collected 368 gold pieces.

Inventory:

Hand Weapons
 a - a +0 war axe
 B - a +3 halberd
 F - a +2 short sword of electrocution (weapon)
Missiles
 d - 2 throwing nets
 f - 53 stones
 l - 22 poisoned darts (quivered)
 n - 18 boomerangs
 A - 5 curare-tipped darts
Armour
 b - a +0 leather armour
 j - a +0 cloak (worn)
 r - a +0 scale mail (worn)
 s - a +1 pair of boots (worn)
 H - a +2 hat (worn)
Scrolls
 v - 2 scrolls of enchant weapon
 G - a scroll of amnesia
Potions
 e - a potion of berserk rage
 g - a potion of might {unknown}
 h - 3 potions of mutation
 i - 3 potions of enlightenment
 o - a potion of ambrosia
 p - a potion of degeneration {unknown}
 q - a potion of brilliance {unknown}
 u - a potion of heal wounds
 x - 2 potions of haste
 C - a potion of resistance {unknown}
 E - a potion of lignification {unknown}


   Skills:
 + Level 6.5 Fighting
 + Level 4.4 Short Blades
 + Level 4.4 Long Blades
 + Level 8.0 Axes
 + Level 4.4 Maces & Flails
 + Level 4.4 Polearms
 + Level 4.4 Staves
 + Level 4.4 Ranged Weapons
 + Level 6.5 Throwing
 + Level 4.4 Armour
 + Level 8.0 Dodging
 + Level 4.4 Stealth
 + Level 4.4 Shields
 + Level 4.4 Unarmed Combat
 + Level 4.4 Spellcasting
 + Level 3.7 Conjurations
 + Level 3.7 Hexes
 + Level 3.7 Summonings
 + Level 3.7 Necromancy
 + Level 3.7 Translocations
 + Level 3.7 Transmutations
 + Level 3.7 Fire Magic
 + Level 3.7 Ice Magic
 + Level 3.7 Air Magic
 + Level 3.7 Earth Magic
 + Level 3.7 Poison Magic
 + Level 4.9 Invocations
 + Level 4.4 Evocations
 + Level 4.0 Shapeshifting


You had 16 spell levels left.
You didn't know any spells.
Your spell library contained the following spells:

 Spells                   Type           Power      Damage    Failure   Level
 Cigotuvi's Dreadful Rot  Necr/Pois/Air  12%        N/A       28%         2
 Sublimation of Blood     Necr           6%         N/A       28%         2
 Wereblood                Tmut           6%         N/A       28%         2
 Ignite Poison            Fire/Tmut/Pois 6%         N/A       50%         3
 Freezing Cloud           Conj/Ice/Air   3%         6-21      99%         5
 Summon Hydra             Summ           3%         N/A       100%        7


Dungeon Overview and Level Annotations

Branches:
Dungeon (7/15) Zot: 26110  Temple (0/1) D:4           Sewer (visited)

Altars:
Kikubaaqudgha
Makhleb
Yredelemnul
Zin

Shops:
D:3 *

Annotations:
D:7 Menkaure


Innate Abilities, Weirdness & Mutations

You have very sharp teeth.
Your uncanny sense of smell can sniff out nearby items.
Your experience applies equally to all skills.


Message History

A puff of flame appears from out of thin air!
The puff of flame hits you.
* * * LOW HITPOINT WARNING * * *
The yak's inner flame fades away.
The yak gores you.
* * * LOW HITPOINT WARNING * * *
The yak completely misses you. Something hits you but does no damage.
The yak gores you.
* * * LOW HITPOINT WARNING * * *
The yak barely misses you.
You hear some strange, mumbled words.
A puff of flame appears from out of thin air!
The puff of flame hits you but does no damage.
You feel less confused. The yak barely misses you.
The yak gores you but does no damage. Something hits you but does no damage.
You feel much better. The yak gores you.
* * * LOW HITPOINT WARNING * * *
The yak barely misses you. Something hits you but does no damage.
You are confused.
You feel invigorated. The yak barely misses you. x2
Something hits you but does no damage. The yak gores you but does no damage.
The yak barely misses you. Something hits you but does no damage.
The yak gores you. The yak closely misses you. Something hits you.
* * * LOW HITPOINT WARNING * * *
The yak's inner flame fades away. x2; The yak gores you but does no damage.
The yak gores you!
* * * LOW HITPOINT WARNING * * *
You hear some strange, mumbled words.
A magic dart appears from out of thin air!
The magic dart hits you but does no damage.
The yak's inner flame fades away.
The yak barely misses you. The yak gores you.
* * * LOW HITPOINT WARNING * * *
Something hits you but does no damage. The yak gores you but does no damage.
The yak gores you!
* * * LOW HITPOINT WARNING * * *
You hear some strange, mumbled words.
A magic dart appears from out of thin air!
The magic dart hits you!
You die...

##################
#YYY......Y.......
#@{YY.............
##################
# # # # # # #


You could see 5 yaks.

Vanquished Creatures
  Sigmund (D:2)
  A yak (D:7)
  Edmund (D:5)
  Duvessa (D:6)
  2 water moccasins
  A black bear (D:4)
  A centaur (D:6)
  2 ogres
  2 kobold brigands
  A phantom (D:6)
  5 bullfrogs
  2 wights (D:6)
  Dowan (D:6)
  The ghost of haloelite the Chopper, a weakling MiCA of Ignis (D:3)
  3 orc priests (D:7)
  2 sleepcaps
  8 hounds
  Terence (D:3)
  3 iguanas
  An orc wizard (D:6)
  6 gnolls
  A river rat (D:3)
  13 adders
  A white imp (D:5)
  2 ufetubi (D:6)
  7 worms
  2 dart slugs (D:1)
  12 orcs
  9 ball pythons
  6 bats
  5 endoplasms
  4 giant cockroaches
  6 goblins
  8 hobgoblins
  14 kobolds
  5 quokkas
  4 frilled lizards
  12 rats
  A spectral orc (D:6)
158 creatures vanquished.

Notes
Turn   | Place    | Note
-------+----------+-------------------------------------------
     0 | D:1      | lessens the Gnoll Gladiator began the quest for the Orb.
     0 | D:1      | Reached XP level 1. HP: 20/20 MP: 1/1
   141 | D:1      | Reached XP level 2. HP: 21/26 MP: 2/2
   397 | D:1      | Reached XP level 3. HP: 28/31 MP: 3/3
   782 | D:2      | Reached skill level 1 in Invocations
   861 | D:2      | Reached skill level 1 in Short Blades
   861 | D:2      | Reached skill level 1 in Long Blades
   861 | D:2      | Reached skill level 1 in Maces & Flails
   861 | D:2      | Reached skill level 1 in Polearms
   861 | D:2      | Reached skill level 1 in Staves
   861 | D:2      | Reached skill level 1 in Ranged Weapons
   861 | D:2      | Reached skill level 1 in Armour
   861 | D:2      | Reached skill level 1 in Stealth
   861 | D:2      | Reached skill level 1 in Shields
   861 | D:2      | Reached skill level 1 in Unarmed Combat
   861 | D:2      | Reached skill level 1 in Spellcasting
   861 | D:2      | Reached skill level 1 in Evocations
   867 | D:2      | Reached XP level 4. HP: 29/38 MP: 5/5
   924 | D:2      | Reached skill level 1 in Shapeshifting
   961 | D:2      | Noticed Sigmund
  1093 | D:2      | Reached skill level 1 in Conjurations
  1093 | D:2      | Reached skill level 1 in Hexes
  1093 | D:2      | Reached skill level 1 in Summonings
  1093 | D:2      | Reached skill level 1 in Necromancy
  1093 | D:2      | Reached skill level 1 in Translocations
  1093 | D:2      | Reached skill level 1 in Transmutations
  1093 | D:2      | Reached skill level 1 in Fire Magic
  1093 | D:2      | Reached skill level 1 in Ice Magic
  1093 | D:2      | Reached skill level 1 in Air Magic
  1093 | D:2      | Reached skill level 1 in Earth Magic
  1093 | D:2      | Reached skill level 1 in Poison Magic
  1109 | D:2      | Killed Sigmund
  1110 | D:2      | Reached XP level 5. HP: 32/43 MP: 5/7
  1110 | D:2      | Reached XP level 6. HP: 37/50 MP: 5/8
  1449 | D:2      | Found a glowing silver altar of Zin.
  1703 | D:3      | Found a runed translucent door.
  1708 | D:3      | Noticed haloelite's ghost (weakling MiCA)
  1718 | D:3      | Reached skill level 5 in Fighting
  1718 | D:3      | Reached skill level 5 in Throwing
  1734 | D:3      | Killed haloelite's ghost
  1738 | D:3      | Found a runed translucent door.
  1765 | D:3      | Noticed Terence
  1777 | D:3      | Killed Terence
  1813 | D:3      | Found Norgh's Assorted Antiques.
  1869 | D:3      | Found a glowing drain.
  1876 | Sewer    | Entered a sewer
  1900 | Sewer    | Noticed a water moccasin
  1911 | Sewer    | Killed a water moccasin
  1912 | Sewer    | Reached XP level 7. HP: 50/56 MP: 10/10
  1928 | Sewer    | Identified the +3 spear of Dugew {pain, rElec Will- Int+3}
  2055 | D:3      | Found an ancient bone altar of Kikubaaqudgha.
  2651 | D:3      | Found a burning altar of Makhleb.
  2672 | D:3      | Became a worshipper of Makhleb the Destroyer
  3254 | D:4      | Found a staircase to the Ecumenical Temple.
  3807 | D:5      | Entered Level 5 of the Dungeon
  4044 | D:5      | Reached XP level 8. HP: 63/63 MP: 12/12
  4168 | D:5      | Noticed Edmund
  4192 | D:5      | Reached * piety under Makhleb
  4208 | D:5      | Killed Edmund
  4883 | D:6      | Found a glowing silver altar of Zin.
  4978 | D:6      | Noticed Dowan
  4978 | D:6      | Noticed Duvessa
  4991 | D:6      | Killed Duvessa
  5006 | D:6      | Killed Dowan
  5626 | D:6      | Reached XP level 9. HP: 67/69 MP: 14/14
  6126 | D:6      | Found a basalt altar of Yredelemnul.
  6693 | D:7      | Reached ** piety under Makhleb
  6784 | D:7      | Noticed Menkaure
  7205 | D:7      | HP: 3/71 [yak (2)]
  7213 | D:7      | Killed from afar by an orc wizard

Illustrated notes

Levels and vault maps discovered:
D:1:      dpeg_arrival_simpleton_a, layout_loops_ring
D:2:      layout_rooms, basic_altar, uniq_sigmund
D:3:      minmay_chambers_of_twos, layout_loops_corners,
          nicolae_kikubaaqudgha_miasma_corner, lemuel_crystal_altar,
          lightli_sewer_entry_pipes, ebering_ghost_sewer_f, serial_shops, shop,
          uniq_terence
D:4:      layout_basic, temple_statues, minmay_tree_intersection
D:5:      layout_basic, uniq_edmund
D:6:      layout_gridville, zin_statuary, yredelemnul_forgotten_temple_becter,
          minmay_chambers_of_fives, uniq_duvessa
D:7:      kennysheep_windowed_halls, layout_basic, uniq_menkaure

Skill      XL: |  1  2  3  4  5  6  7  8  9 |
---------------+----------------------------+-----
Invocations    | 1 2 3 4 |  4.9
Short Blades   | 1 2 3 4 |  4.4
Long Blades    | 1 2 3 4 |  4.4
Maces & Flails | 1 2 3 4 |  4.4
Polearms       | 1 2 3 4 |  4.4
Staves         | 1 2 3 4 |  4.4
Ranged Weapons | 1 2 3 4 |  4.4
Armour         | 1 2 3 4 |  4.4
Stealth        | 1 2 3 4 |  4.4
Shields        | 1 2 3 4 |  4.4
Unarmed Combat | 1 2 3 4 |  4.4
Spellcasting   | 1 2 3 4 |  4.4
Evocations     | 1 2 3 4 |  4.4
Shapeshifting  | 1 2 3 4 |  4.0
Conjurations   | 1 2 3 |  3.7
Hexes          | 1 2 3 |  3.7
Summonings     | 1 2 3 |  3.7
Necromancy     | 1 2 3 |  3.7
Translocations | 1 2 3 |  3.7
Transmutations | 1 2 3 |  3.7
Fire Magic     | 1 2 3 |  3.7
Ice Magic      | 1 2 3 |  3.7
Air Magic      | 1 2 3 |  3.7
Earth Magic    | 1 2 3 |  3.7
Poison Magic   | 1 2 3 |  3.7
Fighting       | 5 6 |  6.5
Throwing       | 5 6 |  6.5
Axes           | 7 8 |  8.0
Dodging        | 7 8 |  8.0

Action                     |  1- 3 |  4- 6 |  7- 9 || total
---------------------------+-------+-------+-------++-------
  Melee: War axe           |    76 |   122 |   220 ||   418
         Bite              |     4 |    13 |    45 ||    62
         Punch             |     1 |     4 |    13 ||    18
         Short sword       |       |       |   187 ||   187
  Throw: Dart              |       |     6 |    35 ||    41
         Throwing net      |       |     4 |       ||     4
         Boomerang         |       |     2 |       ||     2
         Javelin           |       |     1 |     4 ||     5
    Use: Scroll            |       |       |    14 ||    14
         Potion            |       |       |     3 ||     3
   Stab: Sleeping          |     2 |       |     1 ||     3
         Held in net/web   |       |     1 |       ||     1
 Armour: Leather armour    |    27 |    33 |       ||    60
         Scale mail        |       |    37 |   376 ||   413
  Dodge: Dodged            |    52 |    72 |   317 ||   441

Table legend: (Time is in decaauts)
 A = Elapsed time spent in this place.
 B = Non-inter-level travel time spent in this place.
 C = Inter-level travel time spent in this place.
 D = Time resting spent in this place.
 E = Time spent auto-exploring this place.
 F = Levels seen in this place.
 G = Mean time per level.
                   A        B        C        D        E       F      G
               +--------+--------+--------+--------+--------+-----+--------+
         Total |   7279 |   7040 |    239 |    117 |   5094 |   8 |  909.9 |
       Dungeon |   7195 |   6956 |    239 |    117 |   5081 |   7 | 1027.9 |
         Sewer |     83 |     83 |      0 |      0 |     13 |   1 |   83.0 |
               +--------+--------+--------+--------+--------+-----+--------+

Top non-repeatable levels by time:
     D:6: 1621 daAuts
     D:3: 1383 daAuts
     D:5: 1028 daAuts
     D:4: 923 daAuts
     D:1: 812 daAuts
     D:2: 765 daAuts
     D:7: 659 daAuts
   Sewer: 83 daAuts

Levels and vault maps discovered:
D:1:      dpeg_arrival_simpleton_a, layout_loops_ring
D:2:      layout_rooms, basic_altar, uniq_sigmund
D:3:      minmay_chambers_of_twos, layout_loops_corners,
          nicolae_kikubaaqudgha_miasma_corner, lemuel_crystal_altar,
          lightli_sewer_entry_pipes, ebering_ghost_sewer_f, serial_shops, shop,
          uniq_terence
D:4:      layout_basic, temple_statues, minmay_tree_intersection
D:5:      layout_basic, uniq_edmund
D:6:      layout_gridville, zin_statuary, yredelemnul_forgotten_temple_becter,
          minmay_chambers_of_fives, uniq_duvessa
D:7:      kennysheep_windowed_halls, layout_basic, uniq_menkaure
